 Dungeon Crawl Stone Soup version 0.25.1-2-g60ff931df9 (webtiles) character file.

Game seed: 6237506322145780309

744 gbos the Chopper (level 7, -2/44 HPs)
             Began as a Gargoyle Fighter on Nov 16, 2020.
             Slain by a killer bee (3 damage)
             ... on level 5 of the Dungeon.
             The game lasted 00:00:45 (3676 turns).

gbos the Chopper (Gargoyle Fighter)                 Turns: 3676, Time: 00:00:45

Health: -2/44      AC: 13    Str: 21    XL:     7   Next: 76%
Magic:  7/7        EV:  6    Int:  9    God:
Gold:   142        SH:  9    Dex:  9    Spells: 6/6 levels left

rFire    . . .     SeeInvis .   Y - +1 war axe
rCold    . . .     Gourm    .   c - +0 kite shield
rNeg     + + .     Faith    .   j - +0 chain mail
rPois    ∞         Spirit   .   (no helmet)
rElec    +         Reflect  .   (no cloak)
rCorr    .         Harm     .   (no gloves)
MR       .....                  (no boots)
Stlth    ..........             (no amulet)
HPRegen  0.14/turn              e - ring of positive energy
MPRegen  0.10/turn              (no ring)

@: stab
A: negative energy resistance 1, electricity resistance, unbreathing,
petrification resistance, rot immunity, AC +4
a: no special abilities


You were on level 5 of the Dungeon.
You were not hungry.

You visited 1 branch of the dungeon, and saw 5 of its levels.

You collected 142 gold pieces.


Innate Abilities, Weirdness & Mutations

You are resistant to torment.
Your stone body is resilient. (AC +4)
You are immune to poison.
You resist negative energy. (rN+)
You are resistant to electric shocks. (rElec)
You can survive without breathing.
You are immune to petrification.
You are immune to rotting.


   Skills:
 - Level 4.6 Fighting
 + Level 6.7 Axes
 - Level 3.2 Armour
 - Level 1.2 Dodging
 - Level 4.1 Shields


You had 6 spell levels left.
You didn't know any spells.
Your spell library was empty.

Inventory:

Hand Weapons
 n - a +0 flail
 Y - a +1 war axe (weapon)
Armour
 c - a +0 kite shield (worn)
 j - a +0 chain mail (worn)
Jewellery
 e - a ring of positive energy (left hand)
Scrolls
 a - 3 scrolls of identify
 m - 4 scrolls of remove curse
Potions
 d - 2 potions of might
 k - a potion of curing
 q - a potion of haste
Comestibles
 f - 13 rations

Dungeon Overview and Level Annotations

Branches:
Dungeon (5/15)
 Temple: D:4-7

Altars:
Ashenzari
Dithmenos
Gozag
Ru
Xom
Yredelemnul
The Shining One


Message History

The killer bee barely misses you. You block the killer bee's attack.
You closely miss the killer bee.
The killer bee is almost dead.
You miss the killer bee. You block the killer bee's attack.
The killer bee stings you but does no damage. x2
You block the killer bee's attack.
The killer bee stings you but does no damage.
You closely miss the killer bee.
The killer bee is almost dead.
Your chain mail prevents you from hitting the killer bee.
You block the killer bee's attack. x2
The killer bee stings you but does no damage. x2
The killer bee stings you.
You closely miss the killer bee.
The killer bee is almost dead.
You miss the killer bee.
The killer bee stings you but does no damage.
The killer bee barely misses you. The killer bee stings you.
You die...

#### #..######+###
#...........#
#@..........#
.....yyy..........#
......#...........#
......#....###...##
....###....###+###
....#............#
... #............#
.. #............#
#............#


You could see 3 killer bees.

Vanquished Creatures
  Sigmund (D:4)
  A black bear (D:4)
  A centaur (D:3)
  2 scorpions (D:4)
  A killer bee (D:5)
  A crimson imp (D:4)
  An orc priest (D:3)
  An orc wizard (D:3)
  A worker ant (D:4)
  2 adders (D:3)
  4 gnolls (D:4)
  2 oozes
  4 worms
  2 dart slugs (D:1)
  5 leopard geckos
  11 orcs (D:3)
  5 giant cockroaches
  6 hobgoblins (D:3)
  3 jackals (D:3)
  2 quokkas (D:3)
  7 bats
  3 frilled lizards
  6 goblins
  6 kobolds
  11 rats
89 creatures vanquished.

Notes
Turn   | Place    | Note
-------+----------+-------------------------------------------
     0 | D:1      | gbos the Gargoyle Fighter began the quest for the Orb.
     0 | D:1      | Reached XP level 1. HP: 14/14 MP: 1/1
     0 | D:1      | 0 ||| counter = 15
   140 | D:1      | Reached skill level 2 in Axes
   148 | D:1      | Reached XP level 2. HP: 19/19 MP: 2/2
   551 | D:1      | Reached skill level 3 in Axes
   780 | D:1      | Reached XP level 3. HP: 23/23 MP: 3/3
  1047 | D:1      | 1047 ||| READING scroll labeled EHOSOD YLORA.
  1048 | D:1      | 1048 ||| READING scroll labeled VIOCER BIYNWE.
  1300 | D:2      | 1300 ||| READING scroll labeled CIUSHU DEIL.
  1392 | D:3      | Found a glowing golden altar of the Shining One.
  1457 | D:3      | 1457 ||| DROPPING +0 club.
  1607 | D:3      | Reached skill level 4 in Axes
  1607 | D:3      | Reached XP level 4. HP: 28/28 MP: 4/4
  1622 | D:3      | 1622 ||| DROPPING +0 mace.
  1641 | D:3      | Found a sacrificial altar of Ru.
  1945 | D:3      | Reached XP level 5. HP: 32/32 MP: 5/5
  2218 | D:3      | Found a faded altar of an unknown god.
  2274 | D:3      | Reached skill level 5 in Axes
  2357 | D:3      | Found a shimmering altar of Xom.
  2442 | D:3      | Noticed a centaur
  2454 | D:3      | Killed a centaur
  2454 | D:3      | Reached XP level 6. HP: 12/39 MP: 6/6
  2672 | D:3      | Found a shadowy altar of Dithmenos.
  2707 | D:3      | 2707 ||| READING 4 scrolls labeled KOORONIC QOL.
  2708 | D:3      | 2708 ||| UPGRADING to flail.
  2709 | D:3      | 2709 ||| SWAPPING to +0 war axe.
  2710 | D:3      | 2710 ||| UPGRADING to glowing pearl amulet.
  2711 | D:3      | 2711 ||| REMOVING amulet of magic regeneration.
  2712 | D:3      | 2712 ||| DROPPING amulet of magic regeneration.
  2713 | D:3      | 2713 ||| UPGRADING to copper ring.
  2714 | D:3      | 2714 ||| READING scroll labeled VIODIW ZOTEERR.
  2715 | D:3      | 2715 ||| READING scroll labeled MYHEUCSUME.
  2716 | D:3      | 2716 ||| DRINKING 2 blue potions.
  2770 | D:3      | 2770 ||| DRINKING 2 pink potions.
  2771 | D:3      | 2771 ||| DRINKING 2 bubbling purple potions.
  2772 | D:3      | 2772 ||| READING 2 scrolls of identify.
  2772 | D:3      | 2772 ||| IDENTIFYING dark potion
  2773 | D:3      | 2773 ||| DROPPING potion of flight.
  2774 | D:3      | 2774 ||| DROPPING potion of lignification.
  2792 | D:4      | Got an ancient leather armour
  2842 | D:4      | Reached skill level 1 in Dodging
  3191 | D:4      | Noticed a black bear
  3203 | D:4      | Killed a black bear
  3203 | D:4      | Reached XP level 7. HP: 40/44 MP: 7/7
  3372 | D:4      | Found a shattered altar of Ashenzari.
  3378 | D:4      | Found an opulent altar of Gozag.
  3398 | D:4      | Found a basalt altar of Yredelemnul.
  3475 | D:4      | Noticed Sigmund
  3484 | D:4      | Killed Sigmund
  3484 | D:4      | Reached skill level 6 in Axes
  3585 | D:4      | 3585 ||| UPGRADING to ancient leather armour.
  3595 | D:4      | Identified the +1 leather armour "Vozailiv" {-Tele rF++
                  | MR+} (You found it on level 4 of the Dungeon)
  3595 | D:4      | 3595 ||| UPGRADING to +0 scale mail.
  3605 | D:4      | 3605 ||| DROPPING +1 leather armour "Vozailiv" {-Tele rF++
                  | MR+}.
  3606 | D:4      | 3606 ||| UPGRADING to chain mail.
  3616 | D:4      | 3616 ||| DROPPING +0 scale mail.
  3617 | D:4      | 3617 ||| READING scroll labeled WEDGHI CICAA.
  3622 | D:4      | 3622 ||| DRINKING 2 grey potions.
  3623 | D:4      | 3623 ||| READING 4 scrolls of identify.
  3623 | D:4      | 3623 ||| IDENTIFYING smoky green potion
  3624 | D:4      | 3624 ||| DROPPING potion of stabbing.
  3625 | D:4      | 3625 ||| DROPPING potion of mutation.
  3637 | D:5      | Entered Level 5 of the Dungeon
  3666 | D:5      | HP: 11/44 [killer bee (4)]
  3675 | D:5      | HP: 1/44 [killer bee (6)]
  3676 | D:5      | Slain by a killer bee

Levels and vault maps discovered:
D:1:      dpeg_arrival_water_fire, layout_loops_corners, minivault_24
D:2:      layout_basic, minmay_stone_trees_medium
D:3:      minmay_bubble_buster, layout_basic, xom_teletrap_fun,
          lemuel_coloured_pillars_altar, nicolae_overflow_hidden_temple,
          chequers_ecumenical_altar_simple
D:4:      black_bear_nest_1, layout_rooms, amethyst_overflow_temple_binary,
          yredelemnul_altar_generic, first_ration, uniq_sigmund
D:5:      layout_gridville, ebering_ghost_disaster_area, uniq_duvessa

Skill      XL: |  1  2  3  4  5  6  7 |
---------------+----------------------+-----
Axes           | 2 3 4 5 6 |  6.7
Fighting       | 4 |  4.6
Shields        | 4 |  4.1
Dodging        | 1 |  1.2
Armour         | |  3.2

Action                   |  1- 3 |  4- 6 |  7- 9 || total
-------------------------+-------+-------+-------++-------
Melee: War axe           |   122 |   157 |    37 ||   316
  Use: Scroll            |     3 |     4 |     2 ||     9
       Potion            |       |     3 |     1 ||     4
  Eat: Chunk             |     2 |     6 |     1 ||     9
Armor: Scale mail        |    55 |    88 |     4 ||   147
       Chain mail        |       |       |    37 ||    37
Dodge: Dodged            |    23 |    52 |    23 ||    98
Block: Kite shield       |    45 |    86 |    38 ||   169
